Map: Deathaura LE

Players

A.I. 1 (Elite) - Winner!

  • Race: Terran Terran
  • Spawn Location: 11:00

Skarlife

  • Race: Protoss Protoss
  • Spawn Location: 5:00

VOD

Have the link to the VOD?

Description

Time

  • Played on: June 29, 2020, 2:06 p.m.
  • Length: 24:32
Show
View Real Time Build Order
Export as new Build Order

A.I. 1 (Elite) Terran - Winner!

Build Orders:  

Get SALT Encoding   

  12  0:00  SCV  
  13  0:13  SCV  
  14  0:19  Supply Depot  
  14  0:25  SCV  
  15  0:28  Refinery  
  15  0:40  SCV  
  16  0:48  Barracks  
  16  0:52  SCV  
  17  1:05  SCV  
  17  1:08  Supply Depot  
  18  1:17  SCV  
  19  1:29  SCV  
  20  1:36  Marine  
  20  1:39  Factory  
  21  1:43  Barracks  
  21  1:44  SCV  
  22  1:54  Marine  
  22  1:56  SCV  
  24  2:02  Supply Depot  
  24  2:08  SCV  
  24  2:12  Marine  
  26  2:20  SCV  
  27  2:25  Factory Tech Lab  
  27  2:29  Marine  
  27  2:33  SCV  
  27  2:34  Marine  
  30  2:45  Siege Tank, SCV  
  34  3:00  Command Center  
  34  3:08  Orbital Command  
  34  3:14  Refinery  
  34  3:32  Marine, Factory  
  35  3:34  Marine  
  35  3:38  SCV  
  37  3:50  SCV  
  38  4:02  SCV  
  39  4:03  Supply Depot  
  39  4:11  SCV  
  39  4:14  SCV  
  39  4:16  Factory Tech Lab  
  41  4:19  Siege Tank  
  41  4:23  SCV  
  45  4:26  SCV  
  46  4:35  Marine, Siege Tank  
  46  4:36  SCV  
  46  4:37  Supply Depot  
  52  4:38  SCV  
  52  4:46  Supply Depot  
  52  4:48  SCV  
  52  4:50  SCV  
  54  4:53  Siege Tank  
  57  5:00  SCV  
  57  5:02  Supply Depot, SCV  
  57  5:04  Barracks Tech Lab  
  59  5:07  Marine  
  59  5:12  SCV  
  61  5:14  Refinery, SCV  
  61  5:19  Refinery  
  62  5:22  Stimpack, Marauder  
  62  5:24  SCV  
  62  5:25  Marine  
  62  5:26  SCV  
  67  5:36  SCV, Barracks  
  67  5:39  SCV  
  67  5:42  Command Center  
  69  5:43  Marine  
  69  5:44  Starport  
  69  5:45  Barracks Tech Lab  
  69  5:48  SCV  
  71  6:00  Orbital Command  
  71  6:01  SCV, Marauder  
  74  6:04  Marauder  
  74  6:07  Supply Depot  
  76  6:13  Engineering Bay, SCV  
  77  6:20  Medivac  
  77  6:22  Marine  
  77  6:23  Barracks Reactor  
  77  6:25  Combat Shield, SCV  
  81  6:26  SCV, Marauder  
  84  6:33  Supply Depot  
  84  6:37  SCV  
  84  6:38  Engineering Bay  
  84  6:39  SCV, Terran Infantry Armor Level 1  
  86  6:40  Marauder  
  88  6:47  Marauder  
  88  6:50  Medivac  
  88  6:53  SCV, Missile Turret  
  93  6:54  SCV  
  93  6:56  SCV  
  93  6:59  Marine x2  
  97  7:02  Marauder  
  97  7:04  Terran Infantry Weapons Level 1  
  97  7:05  SCV  
  97  7:08  SCV, Missile Turret  
  100  7:09  Marauder  
  100  7:11  SCV  
  100  7:12  Supply Depot  
  100  7:14  Concussive Shells  
  104  7:17  Marine  
  104  7:18  Marine, SCV  
  104  7:20  SCV  
  108  7:23  SCV, Marauder  
  111  7:30  SCV, Marauder  
  111  7:31  Missile Turret  
  111  7:33  SCV  
  111  7:35  SCV  
  111  7:36  Supply Depot  
  116  7:41  Missile Turret  
  116  7:42  SCV  
  117  7:45  SCV, Marauder  
  117  7:47  Starport Reactor, SCV, Barracks  
  121  7:51  Marauder  
  121  7:54  SCV  
  121  7:58  Marine  
  125  7:59  Supply Depot, Marine  
  125  8:00  Orbital Command  
  126  8:05  Marine  
  126  8:07  Missile Turret  
  127  8:13  Marauder  
  127  8:15  Marine  
  130  8:23  Medivac  
  130  8:24  Supply Depot, Viking, Marauder  
  130  8:26  Starport  
  136  8:30  Missile Turret  
  136  8:33  Hi-Sec Auto Tracking, Command Center  
  136  8:46  Supply Depot, Marauder  
  140  8:48  Marauder  
  140  8:51  Missile Turret  
  140  8:53  Viking, Medivac  
  144  8:58  Neosteel Armor, Barracks  
  144  9:02  Starport Tech Lab  
  144  9:05  Armory  
  144  9:09  Supply Depot  
  144  9:15  Refinery  
  144  9:17  Marine x2  
  144  9:19  Marine  
  144  9:20  Marine  
  144  9:23  Viking  
  152  9:24  Viking  
  152  9:25  Refinery  
  154  9:31  Raven  
  154  9:33  Supply Depot  
  154  9:39  Marauder x2  
  154  9:44  Marine  
  154  9:45  SCV x2  
  149  9:47  Refinery  
  149  9:50  Marine  
  149  9:52  Terran Infantry Weapons Level 2  
  129  9:53  Marine x2, Viking, Refinery  
  129  9:54  Viking  
  129  9:56  SCV  
  135  10:01  Marauder x2  
  135  10:02  Marine  
  135  10:05  Viking  
  137  10:08  Marine  
  137  10:10  Marine  
  137  10:11  Marine  
  128  10:19  Siege Tank  
  117  10:22  Marine, Marauder  
  117  10:23  Viking, Siege Tank  
  117  10:24  Viking  
  127  10:30  Marine x2  
  127  10:32  Marine  
  127  10:35  Terran Ship Weapons Level 1, Viking  
  132  10:40  Marauder  
  134  10:44  Marauder  
  136  10:50  Marine x2, Armory  
  136  10:52  Marine x2  
  136  10:53  Planetary Fortress, Viking  
  136  10:54  Viking  
  136  10:55  Missile Turret  
  144  10:59  Missile Turret  
  144  11:01  Marauder  
  146  11:05  Medivac, Marauder  
  150  11:12  Marine x3  
  150  11:13  Marine  
  154  11:19  Fusion Core  
  154  11:21  Missile Turret  
  154  11:23  Viking, Marauder, Command Center  
  158  11:26  Marauder  
  158  11:30  Supply Depot, Barracks Tech Lab  
  160  11:38  Medivac  
  164  11:42  Marine  
  164  11:43  Marine  
  164  11:44  Marine, Raven, Marauder  
  169  11:47  Ghost Academy  
  169  11:48  Marauder  
  169  11:49  SCV, Marauder  
  169  11:51  SCV  
  169  11:52  SCV  
  169  11:53  Liberator  
  176  11:54  Supply Depot  
  174  12:06  Rapid Reignition System, Marauder  
  175  12:08  Medivac  
  175  12:09  Marauder  
  175  12:10  Marauder  
  178  12:18  Battlecruiser  
  184  12:27  Marauder  
  186  12:30  Ghost  
  188  12:37  Refinery  
  188  12:48  Refinery  
  188  12:49  Missile Turret  
  188  12:52  Missile Turret  
  188  12:55  Missile Turret  
  188  12:57  Terran Infantry Weapons Level 3  
  188  13:05  Terran Ship Weapons Level 2  
  188  13:12  Planetary Fortress  
  188  13:15  Missile Turret  
  188  13:16  Missile Turret  
  188  13:17  Widow Mine, Siege Tank  
  188  13:19  Missile Turret  
  193  13:22  Battlecruiser, Command Center  
  196  13:41  Terran Infantry Armor Level 2, Missile Turret  
  196  13:42  Marauder  
  196  13:43  Marauder x2  
  184  13:58  Viking x2  
  188  14:04  Marauder x3  
  194  14:21  Siege Tank  
  194  14:22  Siege Tank  
  199  14:39  Refinery  
  199  14:45  Planetary Fortress, Refinery  
  199  14:49  Missile Turret  
  199  14:57  Missile Turret  
  199  14:59  Command Center, Missile Turret  
  199  15:08  Marauder x2  
  199  15:10  Marauder  
  199  15:11  Battlecruiser  
  199  15:13  Medivac  
  192  15:16  Siege Tank  
  192  15:17  Marine, Terran Vehicle Weapons Level 1, Siege Tank  
  192  15:18  Marine x2, Viking  
  127  15:29  Marauder x2  
  127  15:31  Marauder  
  113  15:35  Marine x2  
  113  15:36  Marine  
  116  15:43  Viking  
  116  15:46  Terran Vehicle And Ship Armor Level 1  
  116  15:48  Cyclone, Liberator  
  116  15:49  Widow Mine  
  126  15:51  Marauder x2  
  126  15:52  Marauder  
  126  15:53  Marine  
  126  15:55  Marine x2  
  135  16:10  Widow Mine  
  135  16:11  Marine  
  135  16:12  Marauder  
  135  16:13  Liberator, Marine  
  135  16:14  Marauder  
  135  16:16  Marine  
  135  16:18  Marine  
  133  16:20  Cyclone  
  133  16:23  SCV  
  133  16:24  Raven  
  117  16:29  Marine  
  117  16:31  Planetary Fortress, Marine, Viking, Siege Tank  
  116  16:34  Ghost, Marine, Marauder  
  116  16:36  Marine  
  117  16:47  Missile Turret  
  117  16:48  Marauder  
  117  16:49  Marine  
  117  16:50  Missile Turret  
  117  16:52  Marine, Siege Tank  
  124  16:54  Marine  
  124  16:55  Marauder  
  129  17:04  Widow Mine, Marauder  
  129  17:06  Raven  
  129  17:07  Marine  
  134  17:09  Marauder  
  134  17:10  Marine  
  134  17:12  Marine  
  134  17:14  Terran Infantry Armor Level 3  
  138  17:16  Marauder  
  138  17:21  Medivac  
  142  17:24  Siege Tank  
  142  17:25  Marine, Widow Mine, Marauder  
  142  17:26  Missile Turret  
  150  17:30  Marauder  
  150  17:34  Marine, Missile Turret  
  153  17:37  Marine  
  153  17:38  Marauder  
  153  17:41  Battlecruiser  
  162  17:44  Medivac  
  162  17:46  Marine  
  162  17:47  Widow Mine  
  162  17:51  Viking  
  169  17:52  Marauder  
  169  17:55  Command Center  
  169  17:56  Siege Tank  
  174  17:59  Marauder  
  174  18:04  Marauder  
  178  18:11  Siege Tank  
  181  18:13  Marauder  
  183  18:20  Marauder  
  183  18:26  Marauder  
  187  18:34  Marauder  
  187  18:39  Siege Tank, Terran Vehicle Weapons Level 2  
  192  18:45  Battlecruiser  
  196  19:03  Terran Vehicle And Ship Armor Level 2  
  196  19:20  SCV  
  194  19:26  Missile Turret  
  194  19:27  SCV  
  194  19:29  Infernal Pre-Igniter  
  194  19:34  SCV  
  194  19:37  Factory  
  194  19:44  SCV x2  
  194  19:45  Hellion x2  
  200  20:05  Command Center  
  200  20:09  Missile Turret  
  200  20:18  Missile Turret  
  200  20:29  Missile Turret  
  200  20:36  Factory, SCV x2  
  200  20:37  Factory Tech Lab, SCV x3  
  200  20:39  Missile Turret  
  199  20:43  Hellion, Missile Turret  
  199  20:44  Hellion  
  199  20:47  Marauder  
  199  20:48  SCV  
  199  20:49  SCV x2, Marauder  
  160  20:50  SCV x2, Marauder  
  160  20:51  Battlecruiser  
  160  20:52  Marine x2  
  160  20:53  Marine  
  160  20:56  Viking, Widow Mine  
  137  21:00  SCV  
  137  21:01  SCV  
  137  21:03  Viking  
  126  21:04  Thor, Siege Tank  
  126  21:08  Marine  
  126  21:11  Marauder x2  
  138  21:15  Command Center  
  138  21:17  Cyclone  
  143  21:20  Marine, Widow Mine  
  143  21:23  SCV  
  143  21:24  Planetary Fortress  
  146  21:27  Marauder  
  146  21:32  Marauder  
  148  21:33  Marauder  
  148  21:35  Marine  
  148  21:37  Marine, Siege Tank  
  148  21:38  Marine  
  148  21:39  SCV  
  147  21:40  SCV  
  147  21:41  Hellion  
  147  21:43  Terran Vehicle Weapons Level 3  
  147  21:44  Command Center  
  150  21:47  Thor  
  150  21:48  Marauder  
  150  21:50  Siege Tank  
  150  21:53  Marauder  
  165  21:54  Marauder  
  165  21:55  Battlecruiser  
  171  22:02  Hellion  
  173  22:08  Thor  
  173  22:09  Marauder  
  173  22:15  Marauder  
  183  22:19  Weapon Refit  
  183  22:22  Siege Tank, SCV  
  186  22:27  Missile Turret  
  186  22:48  Missile Turret  
  186  22:56  Planetary Fortress  
  186  23:00  Battlecruiser  
  186  23:13  Command Center  
  186  23:15  Marine  
  186  23:17  Marine, Hellion  
  186  23:18  Marine x2  
  186  23:19  Marine, Hellion  
  185  23:20  Viking x2  
  185  23:23  Marine, Siege Tank  
  176  23:39  Marine  
  175  23:41  Marine  
  175  23:45  Marine, Hellion, SCV, Marauder  
  175  23:46  Marine, Hellion  
  182  23:49  Marine, Hellion  
  182  23:50  Viking x2  
  183  23:55  Cyclone  
  183  23:57  Marine  
  187  24:06  Hellion  
  195  24:27  Missile Turret  
Show
View Real Time Build Order
Export as new Build Order

Skarlife Protoss 

Build Orders:  

Get SALT Encoding   

  12  0:01  Probe  
  13  0:13  Probe  
  14  0:24  Pylon  
  14  0:42  Gateway  
  14  0:54  Probe  
  15  1:00  Gateway  
  15  1:07  Probe  
  16  1:19  Probe  
  17  1:31  Probe, Cybernetics Core  
  17  1:35  Assimilator  
  17  1:38  Assimilator  
  17  1:39  Probe  
  19  1:49  Probe  
  20  1:59  Warp Gate  
  20  2:01  Probe  
  21  2:13  Probe  
  22  2:21  Nexus  
  22  2:25  Probe  
  22  2:26  Pylon  
  23  2:44  Probe  
  23  2:51  Stalker x2  
  28  2:56  Probe  
  28  2:57  Robotics Facility  
  29  3:08  Probe  
  30  3:23  Shield Battery  
  30  3:33  Probe  
  30  3:34  Probe  
  32  3:42  Pylon  
  32  3:43  Observer  
  32  3:45  Probe  
  32  3:46  Probe  
  35  3:57  Probe  
  35  3:58  Probe  
  35  3:59  Shield Battery  
  35  4:01  Observer, Pylon  
  38  4:08  Stalker x2  
  42  4:24  Robotics Bay  
  42  4:26  Pylon  
  42  4:30  Probe  
  43  4:33  Probe  
  44  4:42  Probe  
  44  4:45  Probe, Stalker x2  
  50  4:54  Probe  
  50  4:58  Gateway x2  
  51  5:00  Gateway  
  51  5:05  Gateway  
  51  5:08  Immortal  
  51  5:13  Probe x2  
  57  5:30  Probe x2  
  57  5:34  Assimilator  
  59  5:39  Assimilator, Stalker  
  59  5:40  Stalker  
  63  5:45  Probe  
  63  5:46  Nexus  
  63  5:48  Extended Thermal Lance  
  64  5:53  Probe  
  65  5:57  Probe  
  66  6:05  Probe  
  66  6:07  Pylon  
  66  6:09  Probe  
  68  6:17  Pylon  
  68  6:18  Probe, Pylon  
  69  6:21  Probe  
  69  6:24  Colossus  
  76  6:30  Probe  
  77  6:36  Forge  
  77  6:37  Forge  
  77  6:38  Shield Battery  
  77  6:41  Probe  
  77  6:42  Probe  
  79  6:53  Probe  
  81  6:54  Probe  
  81  6:57  Stalker x4  
  89  7:02  Twilight Council  
  89  7:05  Probe  
  90  7:15  Protoss Ground Armor Level 1, Sentry x2  
  92  7:17  Probe  
  92  7:18  Probe x2, Protoss Ground Weapons Level 1  
  97  7:31  Probe x3  
  97  7:34  Colossus  
  100  7:39  Blink  
  100  7:43  Probe x3  
  109  7:53  Assimilator  
  109  7:56  Assimilator  
  109  7:59  Observer  
  109  8:04  Nexus  
  109  8:05  Pylon  
  109  8:07  Pylon  
  109  8:08  Pylon  
  109  8:10  Pylon  
  109  8:12  Pylon  
  109  8:13  Pylon  
  109  8:23  Probe x3  
  112  8:33  Photon Cannon  
  112  8:35  Photon Cannon  
  112  8:37  Photon Cannon  
  112  8:39  Photon Cannon, Stalker x3  
  112  8:40  Stalker x3  
  123  9:03  Probe  
  123  9:09  Shield Battery  
  124  9:14  Probe x2, Colossus  
  124  9:15  Probe  
  133  9:17  Gravitic Boosters  
  133  9:20  Probe  
  134  9:26  Probe  
  135  9:32  Probe  
  136  9:39  Stalker x5  
  102  10:03  Stalker x6  
  99  10:32  Nexus  
  99  10:33  Pylon, Gateway  
  99  10:35  Gateway  
  99  10:36  Pylon  
  99  10:40  Stalker x3  
  99  10:41  Gateway, Stalker x3  
  111  10:43  Protoss Ground Armor Level 2, Gateway, Protoss Ground Weapons Level 2  
  111  10:46  Gateway  
  111  10:47  Gateway  
  111  10:53  Charge  
  111  11:04  Stalker  
  111  11:05  Stalker x3  
  111  11:07  Nexus  
  111  11:09  Pylon  
  111  11:11  Pylon  
  119  11:15  Assimilator  
  119  11:16  Assimilator  
  119  11:32  Disruptor  
  122  11:39  Probe x2  
  114  12:19  Zealot x4  
  114  12:20  Zealot x7  
  114  12:21  Zealot  
  138  12:24  Disruptor  
  138  12:26  Probe x3  
  144  12:32  Probe  
  145  12:38  Probe  
  146  12:44  Probe  
  146  12:45  Stalker x3  
  146  12:46  Stalker x4  
  146  12:47  Stalker x4  
  146  12:48  Stalker  
  171  12:56  Probe  
  172  13:13  Probe x2  
  172  13:19  Warp Prism  
  176  13:28  Protoss Ground Weapons Level 3  
  176  13:29  Protoss Ground Armor Level 3  
  161  13:52  Probe x2  
  161  13:53  Probe x2  
  165  13:56  Stalker x2  
  165  13:57  Stalker x7  
  165  13:58  Stalker x3  
  165  14:00  Assimilator  
  189  14:03  Disruptor, Assimilator  
  180  14:31  Zealot x2  
  180  14:32  Zealot x6  
  180  14:33  Zealot x2  
  146  15:34  Stalker x4  
  146  15:35  Stalker x6  
  164  15:36  Stalker x2  
  170  16:10  Gateway  
  170  16:11  Gateway  
  166  16:13  Gateway  
  166  16:15  Gateway  
  166  16:17  Gateway  
  158  16:19  Gateway  
  158  16:22  Gateway  
  158  16:23  Protoss Shields Level 1  
  128  16:37  Disruptor  
  116  16:55  Pylon  
  116  16:59  Pylon  
  116  17:02  Pylon  
  116  17:06  Pylon  
  116  17:08  Pylon x2  
  116  17:10  Stargate  
  116  17:11  Stargate  
  116  17:12  Stargate  
  116  17:13  Disruptor  
  119  17:18  Zealot x5  
  119  17:19  Zealot x6  
  119  17:20  Zealot x5  
  119  17:21  Zealot x2  
  155  17:40  Nexus  
  155  17:41  Pylon  
  155  17:43  Pylon  
  151  17:46  Assimilator  
  151  17:48  Probe x2, Disruptor, Assimilator  
  126  18:12  Fleet Beacon  
  126  18:15  Zealot x4  
  126  18:16  Zealot x5  
  126  18:17  Zealot x6  
  126  18:18  Zealot x4  
  164  18:24  Disruptor  
  164  18:26  Gateway  
  167  18:27  Gateway  
  167  18:29  Gateway  
  167  19:00  Disruptor  
  170  19:03  Stalker x5  
  170  19:04  Stalker x5  
  170  19:05  Stalker x4  
  170  19:06  Stalker  
  200  19:33  Protoss Shields Level 2  
  200  20:01  Pylon  
  199  20:21  Flux Vanes  
  199  20:25  Photon Cannon  
  199  20:26  Photon Cannon  
  199  20:29  Photon Cannon  
  199  20:31  Photon Cannon  
  199  20:32  Photon Cannon  
  197  20:36  Photon Cannon  
  197  20:38  Photon Cannon  
  183  20:53  Carrier  
  183  20:54  Carrier  
  139  21:01  Carrier  
  117  21:08  Zealot x5  
  117  21:09  Zealot x5  
  117  21:10  Zealot x3  
  117  21:11  Zealot x4  
  137  21:31  Nexus  
  133  21:37  Nexus  
  111  21:49  Stargate x2  
  111  21:51  Carrier  
  111  21:54  Pylon  
  111  21:55  Pylon, Carrier  
  123  22:05  Carrier  
  129  22:10  Zealot x5  
  129  22:11  Zealot x4  
  129  22:12  Zealot x5  
  129  22:13  Zealot x2  
  161  22:18  Pylon  
  161  22:39  Probe  
  159  22:47  Carrier  
  163  23:00  Carrier  
  125  23:37  Zealot x4  
  125  23:38  Zealot x5  
  125  23:39  Zealot  
  129  24:00  Zealot x2  
Tags
 
Matchup
PvT
Spawn Locations
Cross Positions
Add a new tag
Caveats
  • Supply blocks, unpowered buildings, or Contaminate may cause inaccurate times.
  • Supply counts are checked every 10 seconds.